[Event "2026 European Womens Championship"]
[Site "Batumi, GE"]
[Date "2026.06.03"]
[Round "9"]
[White "Rakhmangulova, Anastasiya"]
[Black "Olde, Margareth"]
[Result "0-1"]
[Board "20"]
[TimeControl "5400+30"]
[WhiteFideId "14117479"]
[BlackFideId "4503082"]
[WhiteElo "2328"]
[BlackElo "2194"]
[WhiteTitle "WGM"]
[BlackTitle "WIM"]
[WhiteClock "0:47:10"]
[BlackClock "0:02:42"]
[Variant "Standard"]

1. e4 e5 2. Nf3 Nc6 3. Bc4 Bc5 4. d3 Nf6 5. O-O O-O 6. c3 d6 7. b4 Bb6 8. a4 a5 9. b5 Ne7 10. Nbd2 Ng6 11. Ba3 Re8 12. Qb3 Be6 13. Ng5 d5 14. exd5 Bxd5 15. Nge4 Nxe4 16. dxe4 Be6 17. Bxe6 Rxe6 18. Rad1 Nf4 19. Nf3 Qf6 20. g3 Qg6 21. Qc4 Qg4 22. Rd3 Nxd3 23. Qxd3 Ree8 24. c4 Rad8 25. Qe2 Qd7 26. Bb2 Qd3 27. Re1 f6 28. Kg2 Bc5 29. g4 Bb4 30. Qxd3 Rxd3 31. Re2 Red8 32. g5 Ba3 33. Ba1 Rd1 34. Bc3 Rc1 35. Bxa5 Rxc4 36. h4 Bb4 37. Bxb4 Rxb4 38. Rc2 Rd7 39. Ra2 b6 40. a5 Rxb5 41. axb6 Rxb6 42. Ra8+ Kf7 43. h5 Rb4 44. Rh8 Rxe4 45. gxf6 Kxf6 46. Rxh7 Rd3 47. Nh2 c5 48. Rh8 c4 49. f3 Re2+ 50. Kg3 c3 51. Ng4+ Kf7 52. Rc8 c2 53. Rxc2 Rxf3+ 54. Kxf3 Rxc2 55. Nxe5+ Ke6 56. Ng4 Rc5 57. h6 g6 58. Kf4 Rf5+ 59. Kg3 Rh5 60. Kf4 g5+ 61. Kg3 Kf5 62. Ne3+ Kg6 63. Ng4 Rh4 64. Kf3 Rh3+ 65. Kg2 Ra3 66. Kh2 Ra8 67. Kg3 Ra4 68. Kf3 Ra3+ 69. Kg2 Rb3 70. Kf2 Rc3 71. Kg2 Ra3 72. Kh2 Rb3 73. Kg2 Ra3 74. Kh2 Kh5 75. h7 Ra8 76. Kg3 Ra3+ 77. Kf2 Ra8 78. Kf3 Rf8+ 79. Kg3 Kg6 80. Ne5+ Kxh7 81. Kg4 Kh6 82. Nd3 Rd8 83. Nc5 Rd4+ 84. Kf3 Kh5 85. Ne6 Rd3+ 86. Ke4 Rd1 87. Kf5 Rf1+ 0-1

[Event "2026 European Womens Championship"]
[Site "Batumi, GE"]
[Date "2026.06.03"]
[Round "9"]
[White "Ibrahimova, Sabina"]
[Black "Iglesias, Yosha"]
[Result "0-1"]
[Board "21"]
[TimeControl "5400+30"]
[WhiteFideId "13403893"]
[BlackFideId "637823"]
[WhiteElo "2205"]
[BlackElo "2325"]
[WhiteTitle "WIM"]
[BlackTitle "FM"]
[WhiteClock "0:15:18"]
[BlackClock "0:37:30"]
[Variant "Standard"]

1. Nf3 d5 2. c4 c6 3. d4 Nf6 4. e3 Bf5 5. Nc3 a6 6. Qb3 b5 7. cxd5 cxd5 8. a4 b4 9. Na2 Nc6 10. Bd3 Na5 11. Qd1 Bxd3 12. Qxd3 b3 13. Nc3 e6 14. O-O Bb4 15. Bd2 O-O 16. Ne5 Qb6 17. Qe2 Rfc8 18. f3 Nc4 19. Nxc4 Rxc4 20. Kh1 a5 21. Qd1 Bxc3 22. Bxc3 h5 23. Ra3 Rb8 24. Qe1 Qc6 25. Ra1 Rxa4 26. Rxa4 Qxa4 27. Bxa5 Rc8 28. Bc3 Qc4 29. Kg1 Qd3 30. Qc1 Ne8 31. Rd1 Rxc3 32. bxc3 b2 33. Qb1 Qxe3+ 34. Kh1 Qxc3 35. Rd3 Qb4 36. Re3 Nd6 37. Re2 Nc4 38. Rc2 Qa3 39. Re2 Qc3 40. Rc2 Qxd4 41. h3 g6 42. Kh2 h4 43. Kh1 Na3 44. Qxb2 Qd1+ 45. Kh2 Nxc2 46. Qb8+ Kh7 47. Qc7 Qd4 48. Qxc2 Qe5+ 49. Kh1 d4 50. Qc6 Kg7 51. Qc4 Qe1+ 52. Kh2 Qc3 53. Qe2 d3 54. Qe3 e5 55. Kh1 Qa1+ 56. Kh2 Qd4 57. Qe1 d2 0-1

[Event "2026 European Womens Championship"]
[Site "Batumi, GE"]
[Date "2026.06.03"]
[Round "9"]
[White "Ivanytska, Liudmyla"]
[Black "Toncheva, Nadya"]
[Result "0-1"]
[Board "22"]
[TimeControl "5400+30"]
[WhiteFideId "14176211"]
[BlackFideId "2924056"]
[WhiteElo "2112"]
[BlackElo "2320"]
[BlackTitle "WGM"]
[WhiteClock "0:08:14"]
[BlackClock "0:02:01"]
[Variant "Standard"]

1. e4 e6 2. d4 d5 3. Nc3 Nf6 4. Bg5 dxe4 5. Nxe4 Be7 6. Nxf6+ Bxf6 7. Bxf6 Qxf6 8. Nf3 O-O 9. Bd3 c5 10. c3 cxd4 11. Nxd4 e5 12. Ne2 Nd7 13. Qc2 g6 14. b4 Nb6 15. O-O Be6 16. Rfe1 Nd5 17. a3 Rac8 18. c4 Qg5 19. Qb2 Ne3 20. Ng3 Nxc4 21. Bxc4 Rxc4 22. Rxe5 Rc2 23. Qxc2 Qxe5 24. Rc1 h5 25. h3 h4 26. Nf1 Qg5 27. Ne3 Bxh3 28. Qc5 Qxc5 29. Rxc5 Be6 30. Rc7 Rb8 31. b5 Kg7 32. a4 Kf6 33. a5 Ke5 34. Kh2 g5 35. Rc5+ Kf4 36. Nd5+ Bxd5 37. Rxd5 f5 38. f3 Rc8 39. Rd4+ Ke3 40. Rd5 Kf4 41. Rd4+ Ke3 42. Rd5 g4 43. Rxf5 g3+ 44. Kh3 Rc1 45. Rd5 Rh1 46. Kg4 Rh2 47. Rc5 Rxg2 48. Kxh4 Kf2 49. Rc2+ Kxf3 50. Rc3+ Kf2 51. Kg4 Rg1 52. Rf3+ Ke2 53. a6 b6 54. Rc3 g2 55. Kg3 Rb1 56. Kxg2 Rxb5 57. Rc7 Rg5 58. Kh3 Kd3 59. Rxa7 Ra5 60. Kg3 Kc4 61. Rc7+ Kb4 62. a7 b5 63. Kf3 Ka3 64. Rc3+ Kb2 65. Rc5 Ra3+ 66. Ke2 b4 67. Rc7 b3 68. Kd2 Kb1 69. Rb7 b2 70. Kd1 Ra6 71. Kd2 Ka1 72. Kc2 Ra2 0-1

[Event "2026 European Womens Championship"]
[Site "Batumi, GE"]
[Date "2026.06.03"]
[Round "9"]
[White "Matnadze Bujiashvili, Ann"]
[Black "Khachatryan, Anna"]
[Result "1-0"]
[Board "23"]
[TimeControl "5400+30"]
[WhiteFideId "13601377"]
[BlackFideId "13310780"]
[WhiteElo "2310"]
[BlackElo "2154"]
[WhiteTitle "IM"]
[BlackTitle "WFM"]
[WhiteClock "0:14:03"]
[BlackClock "0:01:50"]
[Variant "Standard"]

1. d4 Nf6 2. c4 g6 3. Nf3 Bg7 4. g3 c6 5. Bg2 d5 6. O-O dxc4 7. a4 Be6 8. Ng5 Bd5 9. e4 h6 10. exd5 hxg5 11. dxc6 Nxc6 12. a5 Nxd4 13. a6 O-O 14. axb7 Rb8 15. Bxg5 Nd5 16. Nc3 Nxc3 17. bxc3 Nb5 18. Qa4 Nd6 19. Rae1 Re8 20. Qxa7 Qc7 21. Rxe7 Rxe7 22. Bxe7 Rxb7 23. Bxb7 Qxe7 24. Qa8+ Kh7 25. Bd5 Bxc3 26. Qc6 Bd4 27. Bxc4 Ne4 28. Qd5 Ng5 29. Kg2 Bg7 30. h4 Ne6 31. h5 gxh5 32. Qxh5+ Kg8 33. Bxe6 Qxe6 34. Qf3 Qc8 35. Rd1 Qe8 36. Qd5 Bf6 37. Rd3 Kg7 38. Re3 Qc8 39. Rb3 Qg4 40. Rb7 Qg6 41. Rb5 Qc2 42. Rb4 Qg6 43. Qe4 Qh6 44. Qg4+ Bg5 45. Rc4 Kh7 46. Rc5 1-0

[Event "2026 European Womens Championship"]
[Site "Batumi, GE"]
[Date "2026.06.03"]
[Round "9"]
[White "Ismayil, Malak"]
[Black "Hrebenshchykova, Yelyzaveta"]
[Result "1/2-1/2"]
[Board "24"]
[TimeControl "5400+30"]
[WhiteFideId "13412604"]
[BlackFideId "14159899"]
[WhiteElo "2122"]
[BlackElo "2309"]
[WhiteTitle "WIM"]
[BlackTitle "WGM"]
[WhiteClock "0:11:20"]
[BlackClock "0:03:13"]
[Variant "Standard"]

1. e4 c5 2. c3 e6 3. d4 d5 4. exd5 exd5 5. Bb5+ Nc6 6. Nf3 Bd6 7. O-O Nge7 8. dxc5 Bxc5 9. Nbd2 O-O 10. Nb3 Bd6 11. h3 Nf5 12. Nbd4 Nfxd4 13. Nxd4 Bc7 14. Ne2 Bf5 15. Bf4 Bxf4 16. Nxf4 Qg5 17. Qf3 a6 18. Bxc6 bxc6 19. Rfe1 Rfe8 20. Re3 Be4 21. Qg4 h6 22. Rg3 Qxg4 23. hxg4 Reb8 24. b3 a5 25. Re3 a4 26. b4 a3 27. f3 g5 28. fxe4 gxf4 29. Re2 d4 30. cxd4 Rxb4 31. Rd1 Rb2 32. Kf2 Rab8 33. Rd3 R8b4 34. Rxa3 Rxe2+ 35. Kxe2 Rxd4 36. Kf3 Rd2 37. Ra6 Kg7 38. a4 Ra2 39. Kxf4 c5 40. Rc6 Rxa4 41. Rxc5 Kg6 42. Rc6+ f6 43. Rb6 Rc4 44. Re6 Ra4 45. Rb6 Rc4 46. Ra6 Rb4 1/2-1/2

[Event "2026 European Womens Championship"]
[Site "Batumi, GE"]
[Date "2026.06.03"]
[Round "9"]
[White "Osmak, Yuliia"]
[Black "Kobak, Polina"]
[Result "0-1"]
[Board "25"]
[TimeControl "5400+30"]
[WhiteFideId "14101602"]
[BlackFideId "24269727"]
[WhiteElo "2451"]
[BlackElo "1986"]
[WhiteTitle "IM"]
[BlackTitle "WFM"]
[WhiteClock "0:12:48"]
[BlackClock "0:02:26"]
[Variant "Standard"]

1. e4 e6 2. d4 d5 3. e5 c5 4. c3 Nc6 5. Nf3 f6 6. Bd3 fxe5 7. Nxe5 Nxe5 8. dxe5 g6 9. h4 Qc7 10. f4 Bd7 11. Nd2 O-O-O 12. Nf3 Nh6 13. Ng5 Be7 14. Bd2 Rdf8 15. g4 Qb6 16. b3 Nf7 17. Qe2 Nd8 18. c4 h6 19. Nf3 h5 20. Rg1 Rfg8 21. O-O-O d4 22. Rg3 a5 23. Rdg1 hxg4 24. Rxg4 a4 25. Kb2 Nc6 26. Rxg6 Rxg6 27. Rxg6 Kc7 28. Ng5 Bxg5 29. hxg5 Nb4 30. Bb1 Rh1 31. Rh6 a3+ 32. Kxa3 Qa5+ 33. Kb2 Rxb1+ 34. Kxb1 Qxa2+ 0-1

[Event "2026 European Womens Championship"]
[Site "Batumi, GE"]
[Date "2026.06.03"]
[Round "9"]
[White "Tsolakidou, Stavroula"]
[Black "Kirtadze, Anastasia"]
[Result "1-0"]
[Board "26"]
[TimeControl "5400+30"]
[WhiteFideId "4264312"]
[BlackFideId "13622714"]
[WhiteElo "2455"]
[BlackElo "2233"]
[WhiteTitle "IM"]
[BlackTitle "WIM"]
[WhiteClock "0:14:44"]
[BlackClock "0:01:14"]
[Variant "Standard"]

1. e4 c6 2. d4 d5 3. e5 Bf5 4. Nf3 e6 5. Be2 Ne7 6. O-O c5 7. c3 Nec6 8. Be3 Nd7 9. Nbd2 h6 10. Ne1 g5 11. f4 gxf4 12. Rxf4 Be7 13. Rxf5 exf5 14. Bh5 Bg5 15. Bf2 Nf8 16. Nb3 c4 17. Nc5 Qc8 18. b3 b6 19. bxc4 bxc5 20. cxd5 Nd8 21. h4 c4 22. hxg5 hxg5 23. Be2 Ng6 24. Qa4+ Kf8 25. Bxc4 Kg7 26. Nd3 Nb7 27. Qa6 Na5 28. Qf6+ Kh6 29. Ba6 Qxc3 30. Re1 f4 31. e6 Kh5 32. Ne5 Nxe5 33. Rxe5 Qa1+ 34. Re1 Qc3 35. Be2+ g4 36. Bxg4+ Kxg4 37. Qg7+ 1-0

[Event "2026 European Womens Championship"]
[Site "Batumi, GE"]
[Date "2026.06.03"]
[Round "9"]
[White "Maltsevskaya, Aleksandra"]
[Black "Hryzlova, Sofiia"]
[Result "0-1"]
[Board "27"]
[TimeControl "5400+30"]
[WhiteFideId "24174041"]
[BlackFideId "14174669"]
[WhiteElo "2390"]
[BlackElo "2226"]
[WhiteTitle "IM"]
[BlackTitle "WIM"]
[WhiteClock "0:02:51"]
[BlackClock "0:04:14"]
[Variant "Standard"]

1. e4 c5 2. Nf3 d6 3. Bb5+ Bd7 4. c4 a6 5. Bxd7+ Nxd7 6. O-O e6 7. Nc3 Ne5 8. d3 Ne7 9. Be3 N7c6 10. Ne1 g5 11. Qh5 Be7 12. f4 gxf4 13. Bxf4 Ng6 14. Be3 Nce5 15. b3 Bf6 16. Rd1 Bg7 17. d4 cxd4 18. Bxd4 Qh4 19. Qxh4 Nxh4 20. Na4 Rd8 21. Bb6 Rd7 22. g3 Nhg6 23. Ng2 O-O 24. Nf4 Rc8 25. Kg2 Rc6 26. h3 Bh8 27. Rd2 Ne7 28. Be3 Nc8 29. Nb2 b5 30. cxb5 axb5 31. Nbd3 Nxd3 32. Nxd3 Rc3 33. Bf4 Kf8 34. Nb4 Ke7 35. Rf3 Rdc7 36. Bg5+ Ke8 37. Be3 Rc1 38. Rf4 Bc3 39. Rc2 Rxc2+ 40. Nxc2 b4 41. Rf2 Na7 42. Bd2 Nc6 43. a3 Bxd2 44. Rxd2 Ke7 45. axb4 Rb7 46. Nd4 Nxb4 47. h4 Rb6 48. Kf3 Na6 49. Rc2 Nc5 50. b4 Nd3 51. Ke3 Nxb4 52. Rc7+ Kf8 53. h5 h6 54. g4 Ra6 55. Rb7 Ra3+ 56. Ke2 Nd3 57. Nb5 Rb3 58. Nxd6 Rxb7 59. Nxb7 Ne5 60. Nc5 Nxg4 61. Kf3 Nf6 62. e5 Nxh5 63. Kg4 Ng7 64. Nd7+ Ke7 65. Nf6 Nf5 66. Kh5 Kf8 67. Nh7+ Kg7 68. Nf6 Ng3+ 69. Kg4 Ne2 70. Kh5 Nf4+ 71. Kg4 Nd5 72. Ne8+ Kg6 73. Nd6 Ne3+ 74. Kf4 Nd5+ 75. Kg3 h5 76. Kf3 Ne7 77. Kf4 Nf5 78. Nc4 Nh6 79. Nd2 h4 80. Nf3 Kh5 81. Ng5 Kg6 82. Nh3 Nf5 83. Ng1 Kh5 84. Nh3 Nd4 85. Nf2 Ne2+ 86. Kf3 Nc3 87. Nh3 Nd5 88. Nf2 Ne7 89. Ne4 Ng6 90. Nd6 Nxe5+ 91. Kf4 Ng6+ 92. Kf3 f5 93. Nf7 e5 94. Nd6 e4+ 95. Ke3 Kg4 96. Nf7 h3 97. Nh6+ Kg5 98. Nf7+ Kf6 99. Nd6 h2 100. Kd4 0-1

[Event "2026 European Womens Championship"]
[Site "Batumi, GE"]
[Date "2026.06.03"]
[Round "9"]
[White "Bashylina, Luisa"]
[Black "Gaponenko, Inna"]
[Result "1/2-1/2"]
[Board "28"]
[TimeControl "5400+30"]
[WhiteFideId "12983292"]
[BlackFideId "14101181"]
[WhiteElo "2208"]
[BlackElo "2331"]
[WhiteTitle "WFM"]
[BlackTitle "IM"]
[WhiteClock "0:29:26"]
[BlackClock "0:04:33"]
[Variant "Standard"]

1. d4 d6 2. c4 e5 3. Nc3 exd4 4. Qxd4 Nf6 5. b3 a5 6. Bb2 a4 7. Rd1 axb3 8. axb3 Nc6 9. Qd2 Nb4 10. e4 Be7 11. Nf3 O-O 12. Be2 Nd7 13. O-O Nc5 14. Nb5 Ra2 15. Qc3 f6 16. Nd2 c6 17. Nd4 Qb6 18. Ra1 Bd7 19. Rxa2 Nxa2 20. Qe3 Nb4 21. Ra1 Bd8 22. Bf1 Ne6 23. Rd1 Nxd4 24. Bxd4 c5 25. Bc3 Be7 26. Qg3 Nc6 27. Be2 Nd4 28. Bxd4 cxd4 29. Bg4 f5 30. exf5 Bxf5 31. Bxf5 Rxf5 32. Qd3 Ra5 33. Nf3 Bf6 34. g3 Ra3 35. Nxd4 Bxd4 36. Qxd4 Qxd4 37. Rxd4 Rxb3 38. Rxd6 b5 39. cxb5 Rxb5 40. Rd7 h6 41. Kg2 Kh7 42. g4 h5 43. h3 Kh6 44. Kg3 Rb3+ 45. f3 hxg4 46. Kxg4 Rb1 47. Rd8 Rg1+ 48. Kf5 Kh7 49. h4 Rg3 50. Kf4 Rh3 51. Kg4 Rh1 52. Rd4 Rg1+ 53. Kf5 Rf1 54. Rf4 Ra1 55. Kg5 Rg1+ 56. Rg4 Rf1 57. f4 Ra1 58. h5 Ra5+ 59. f5 Ra1 60. Rd4 Rg1+ 61. Rg4 Ra1 62. Rg3 Rb1 63. Kf4 Rb4+ 64. Kg5 Rb1 65. Kf4 Rb4+ 66. Kg5 Rb1 1/2-1/2

[Event "2026 European Womens Championship"]
[Site "Batumi, GE"]
[Date "2026.06.03"]
[Round "9"]
[White "Avramidou, Anastasia"]
[Black "Mamedjarova, Turkan"]
[Result "1-0"]
[Board "29"]
[TimeControl "5400+30"]
[WhiteFideId "4239873"]
[BlackFideId "13402005"]
[WhiteElo "2320"]
[BlackElo "2222"]
[WhiteTitle "FM"]
[BlackTitle "WGM"]
[WhiteClock "0:02:39"]
[BlackClock "0:03:26"]
[Variant "Standard"]

1. Nf3 Nf6 2. g3 e6 3. Bg2 d5 4. O-O Be7 5. d3 O-O 6. Nbd2 b6 7. e4 Bb7 8. e5 Nfd7 9. Re1 c5 10. Nf1 Nc6 11. h4 b5 12. N1h2 Rc8 13. Ng4 Nd4 14. Nxd4 cxd4 15. Bf4 a5 16. Re2 b4 17. Qd2 a4 18. Bg5 b3 19. axb3 axb3 20. cxb3 Bxg5 21. hxg5 Qb6 22. b4 Ra8 23. Ree1 Rxa1 24. Rxa1 Ra8 25. Rc1 Kf8 26. Bf3 Ra4 27. Qf4 Rxb4 28. Nh6 f6 29. gxf6 gxf6 30. Ng4 Qd8 31. exf6 Kf7 32. Rc7 Bc8 33. Ne5+ 1-0

[Event "2026 European Womens Championship"]
[Site "Batumi, GE"]
[Date "2026.06.03"]
[Round "9"]
[White "Sliwicka, Alicja"]
[Black "Tirpan, Ceren"]
[Result "1-0"]
[Board "30"]
[TimeControl "5400+30"]
[WhiteFideId "1150677"]
[BlackFideId "26385309"]
[WhiteElo "2315"]
[BlackElo "2209"]
[WhiteTitle "WGM"]
[BlackTitle "WFM"]
[WhiteClock "0:22:56"]
[BlackClock "0:01:30"]
[Variant "Standard"]

1. e4 c5 2. Nf3 Nc6 3. d4 cxd4 4. Nxd4 e6 5. Nc3 Qc7 6. Be3 a6 7. a3 Nxd4 8. Bxd4 Ne7 9. Qg4 d6 10. Qg3 Nc6 11. Be3 b5 12. f4 Bb7 13. Bd3 h5 14. h3 Rg8 15. O-O Be7 16. f5 h4 17. Qf2 Ne5 18. Bd4 Bf6 19. Ne2 Qe7 20. a4 Nxd3 21. cxd3 e5 22. Bb6 Qd7 23. Rfc1 Rc8 24. Rxc8+ Qxc8 25. Rc1 Qa8 26. Nc3 Kd7 27. Nd5 Rc8 28. Nxf6+ gxf6 29. Rxc8 Qxc8 30. axb5 axb5 31. Qxh4 Qc1+ 32. Kh2 Ke7 33. Qf2 b4 34. Ba5 Qc5 35. Qxc5 dxc5 36. Bb6 Kd6 37. h4 c4 38. dxc4 Bxe4 39. g4 Kc6 40. Be3 Kd7 41. h5 Ke8 42. Bc5 Bf3 1-0

[Event "2026 European Womens Championship"]
[Site "Batumi, GE"]
[Date "2026.06.03"]
[Round "9"]
[White "Aydin, Gulenay"]
[Black "Gvetadze, Sofio"]
[Result "1/2-1/2"]
[Board "31"]
[TimeControl "5400+30"]
[WhiteFideId "34557431"]
[BlackFideId "13601440"]
[WhiteElo "2204"]
[BlackElo "2311"]
[WhiteTitle "WIM"]
[BlackTitle "IM"]
[WhiteClock "0:00:40"]
[BlackClock "0:27:01"]
[Variant "Standard"]

1. e4 g6 2. d4 Bg7 3. Nf3 c6 4. Nc3 d6 5. Be3 Nf6 6. Qd2 b5 7. Bd3 Nbd7 8. Bh6 O-O 9. Bxg7 Kxg7 10. O-O e5 11. dxe5 dxe5 12. a4 b4 13. Ne2 a5 14. Ng3 h6 15. Qe3 Qe7 16. h3 Nc5 17. Bc4 Nfd7 18. b3 Nb6 19. Be2 Kh7 20. Rad1 f6 21. Rd2 Be6 22. Rfd1 Nc8 23. Nh4 Qa7 24. Bg4 Bxg4 25. hxg4 Ne7 26. Rd6 Rf7 27. Kh2 Rh8 28. Kg1 Rhf8 29. Nf3 Rc8 30. Nd2 Rc7 31. Nc4 Nc8 32. Rd8 Ne6 33. Qxa7 Nxa7 34. R8d2 Nd4 35. Nxa5 c5 36. Nf1 Nac6 37. Nxc6 Rxc6 38. Ne3 Kg7 39. f3 Ra7 40. Kf2 Ra8 41. Nc4 Re8 42. g3 Ra6 43. Rh1 Rc6 44. Ke3 Rce6 45. Rdh2 Rh8 46. a5 f5 47. Ra1 fxg4 48. fxg4 Ra8 49. Rf2 Ra7 50. Raf1 Ree7 51. Kd2 Red7 52. Ke3 Re7 53. Ra1 Ra6 54. Kd3 Nc6 55. Ke3 Nd4 56. Rh1 Nc6 57. Ra1 Nd4 58. Rh1 Nc6 59. Ra1 Nd4 60. Kd3 Nc6 61. Ke3 1/2-1/2

[Event "2026 European Womens Championship"]
[Site "Batumi, GE"]
[Date "2026.06.03"]
[Round "9"]
[White "Krasteva, Beloslava"]
[Black "Calzetta Ruiz, Monica"]
[Result "1-0"]
[Board "32"]
[TimeControl "5400+30"]
[WhiteFideId "2922029"]
[BlackFideId "2204185"]
[WhiteElo "2285"]
[BlackElo "2199"]
[WhiteTitle "WGM"]
[BlackTitle "WGM"]
[WhiteClock "0:21:52"]
[BlackClock "0:24:25"]
[Variant "Standard"]

1. Nf3 d5 2. g3 c5 3. Bg2 Nc6 4. O-O Nf6 5. d3 Bg4 6. h3 Bh5 7. g4 Bg6 8. Nh4 e6 9. Nd2 Be7 10. Ndf3 Nd7 11. Nxg6 hxg6 12. c4 d4 13. e3 Qc7 14. exd4 cxd4 15. a3 a5 16. b3 O-O 17. Rb1 Rfd8 18. Qd2 Qb6 19. Re1 Nc5 20. Qc2 Na6 21. Bg5 f6 22. Bc1 Nc7 23. Nh4 g5 24. Nf3 Bc5 25. Qe2 e5 26. h4 gxh4 27. g5 e4 28. Qxe4 Re8 29. Qxh4 Rxe1+ 30. Nxe1 Re8 31. Nf3 Ne5 32. Nxe5 Rxe5 33. Be4 f5 34. Bf4 fxe4 35. Bxe5 exd3 36. Qh3 d2 37. Rd1 Ne6 38. Qg4 Bxa3 39. Rxd2 Bc1 40. Rd3 a4 41. g6 a3 42. Qf5 1-0

[Event "2026 European Womens Championship"]
[Site "Batumi, GE"]
[Date "2026.06.03"]
[Round "9"]
[White "Mirzoeva, Elmira"]
[Black "Deak-Sala, Emilia"]
[Result "0-1"]
[Board "33"]
[TimeControl "5400+30"]
[WhiteFideId "4127951"]
[BlackFideId "795615"]
[WhiteElo "2265"]
[BlackElo "2086"]
[WhiteTitle "WGM"]
[BlackTitle "WFM"]
[WhiteClock "0:12:06"]
[BlackClock "0:06:06"]
[Variant "Standard"]

1. e4 c5 2. Nc3 Nc6 3. f4 g6 4. Nf3 Bg7 5. a4 e6 6. e5 d6 7. Bb5 Nge7 8. Ne4 dxe5 9. fxe5 O-O 10. Nf6+ Kh8 11. d4 Nxd4 12. c3 Nxb5 13. Qxd8 Rxd8 14. Ng5 Rf8 15. axb5 Bxf6 16. exf6 Nd5 17. Ne4 b6 18. Bh6 Rd8 19. h4 e5 20. h5 Bf5 21. Ng5 Kg8 22. g4 Bd3 23. Bg7 Ne3 24. hxg6 Bxg6 25. Ke2 Nd5 26. Rhd1 c4 27. Kf2 e4 28. Rd4 Nc7 29. Rxd8+ Rxd8 30. Rxa7 Ne8 31. Rb7 Nxg7 32. fxg7 Rd5 33. Nh3 Rxb5 34. Nf4 Rxb2+ 35. Ke3 Kxg7 36. g5 Bf5 37. Rb8 b5 38. Nd5 h6 39. Ne7 Bh7 40. gxh6+ Kxh6 41. Nd5 Kg5 42. Rh8 Bg6 43. Rh1 Rg2 44. Rb1 f5 45. Rxb5 Rg3+ 46. Kd4 Rd3+ 47. Ke5 e3 48. Rb1 Bh5 49. Nf4 Rd1 50. Ne6 Kh4 51. Rxd1 Bxd1 52. Kxf5 e2 53. Nf4 Kg3 54. Nxe2+ Bxe2 55. Ke4 Bd3+ 56. Ke3 Kg2 57. Kd2 Kf2 58. Kd1 Be4 59. Kd2 Bf3 60. Kc2 Ke2 0-1

[Event "2026 European Womens Championship"]
[Site "Batumi, GE"]
[Date "2026.06.03"]
[Round "9"]
[White "Skarbarchuk, Tetyana"]
[Black "Venskaya, Nika"]
[Result "1/2-1/2"]
[Board "34"]
[TimeControl "5400+30"]
[WhiteFideId "14184494"]
[BlackFideId "13523503"]
[WhiteElo "2236"]
[BlackElo "1937"]
[BlackTitle "WCM"]
[WhiteClock "0:01:02"]
[BlackClock "0:08:09"]
[Variant "Standard"]

1. c4 c5 2. Nc3 Nc6 3. g3 g6 4. Bg2 Bg7 5. Nf3 e6 6. e3 Nge7 7. d4 cxd4 8. Nxd4 Nxd4 9. exd4 d5 10. cxd5 Nxd5 11. O-O O-O 12. Qb3 Bxd4 13. Nxd5 exd5 14. Bh6 Bg7 15. Bxg7 Kxg7 16. Rfd1 Qf6 17. Bxd5 Bg4 18. Rdc1 Rac8 19. Qxb7 Rb8 20. Qxa7 Rxb2 21. Rab1 Rd2 22. Bg2 Re8 23. Re1 Rc8 24. Rb4 Bf5 25. Rf4 Qc3 26. h4 Rxa2 27. Qxa2 Qxe1+ 28. Kh2 h5 29. Qb2+ Qc3 30. Qb7 Rc7 31. Qb6 Qc5 1/2-1/2

[Event "2026 European Womens Championship"]
[Site "Batumi, GE"]
[Date "2026.06.03"]
[Round "9"]
[White "Antova, Gabriela"]
[Black "Charkhalashvili, Inga"]
[Result "1/2-1/2"]
[Board "35"]
[TimeControl "5400+30"]
[WhiteFideId "2915235"]
[BlackFideId "13601431"]
[WhiteElo "2203"]
[BlackElo "2235"]
[WhiteTitle "WGM"]
[BlackTitle "WGM"]
[WhiteClock "0:12:50"]
[BlackClock "0:05:03"]
[Variant "Standard"]

1. e4 c6 2. d4 d5 3. f3 e6 4. Nc3 Bb4 5. a3 Bxc3+ 6. bxc3 dxe4 7. a4 Nd7 8. Ba3 Qg5 9. Qe2 Ngf6 10. fxe4 Qh4+ 11. g3 Qxe4 12. Bg2 Qxe2+ 13. Kxe2 b6 14. Bxc6 Ba6+ 15. Kd2 Rc8 16. Bg2 Bc4 17. Ne2 Nd5 18. Rhe1 N7f6 19. Nf4 Kd7 20. a5 Nxf4 21. gxf4 Bd5 22. Bxd5 Nxd5 23. axb6 axb6 24. f5 Rxc3 25. fxe6+ fxe6 26. Rf1 Ra8 27. Bf8 Rxa1 28. Rxa1 Rh3 29. Ra7+ Kc6 30. Rxg7 Rxh2+ 31. Kd3 Rh3+ 32. Kd2 Ne3 33. Rg5 Nf5 34. Bg7 Kd5 35. Bh8 h5 36. Rg8 Ne3 37. Rg5+ Nf5 38. Rg8 h4 39. Rb8 Ne3 40. Kc3 Ke4 41. Kb3 Nd1+ 42. Kb4 Nc3 43. Be5 Nd5+ 44. Kb5 Rc3 45. Rh8 h3 46. Rh4+ Kf5 47. Rh6 Rxc2 48. Rxh3 Rc1 49. Rh8 Rc2 50. Rf8 Ke4 51. Re8 Kf5 52. Rf8 Kg6 53. Rf3 Rc8 54. Rf1 Kg5 55. Rf7 Kg6 56. Rf3 Rc1 57. Rf8 Rc2 58. Rf3 1/2-1/2

[Event "2026 European Womens Championship"]
[Site "Batumi, GE"]
[Date "2026.06.03"]
[Round "9"]
[White "Chernyak, Viktoria"]
[Black "Rapport, Jovana"]
[Result "1/2-1/2"]
[Board "36"]
[TimeControl "5400+30"]
[WhiteFideId "24165956"]
[BlackFideId "937266"]
[WhiteElo "2191"]
[BlackElo "2235"]
[WhiteTitle "WGM"]
[BlackTitle "WGM"]
[WhiteClock "0:05:09"]
[BlackClock "0:39:22"]
[Variant "Standard"]

1. d4 f5 2. c4 Nf6 3. g3 g6 4. Bg2 Bg7 5. Nc3 O-O 6. Qc2 d6 7. Nf3 Qe8 8. d5 Na6 9. O-O Nc5 10. b4 Nfe4 11. Bb2 Bxc3 12. Bxc3 Nxc3 13. Qxc3 Ne4 14. Qe3 e5 15. dxe6 Bxe6 16. Nd2 Nxd2 17. Qxd2 Rb8 18. Rac1 Qf7 19. a3 a6 20. Rc3 Kg7 21. Rd1 Rfd8 22. h4 Qf6 23. e3 h6 24. Qd4 b6 25. Bc6 Qxd4 26. Rxd4 g5 27. Rc1 Kf6 28. Kg2 Rh8 29. Rh1 Rbd8 30. Rhd1 Ke7 31. R1d2 Rhf8 32. Kf3 1/2-1/2

[Event "2026 European Womens Championship"]
[Site "Batumi, GE"]
[Date "2026.06.03"]
[Round "9"]
[White "Nadanyan, Kiti"]
[Black "Piddubna, Bozhena"]
[Result "0-1"]
[Board "37"]
[TimeControl "5400+30"]
[WhiteFideId "13316710"]
[BlackFideId "34109293"]
[WhiteElo "1801"]
[BlackElo "2235"]
[BlackTitle "WIM"]
[WhiteClock "0:11:41"]
[BlackClock "0:31:41"]
[Variant "Standard"]

1. e4 e5 2. Nf3 Nc6 3. Bb5 a6 4. Bxc6 dxc6 5. Nc3 f6 6. d4 exd4 7. Qxd4 Qxd4 8. Nxd4 Bd7 9. f3 h5 10. h4 Ne7 11. Be3 O-O-O 12. Nde2 Ng6 13. Rd1 Re8 14. Kf2 Be6 15. b3 Bf7 16. Na4 b6 17. Nb2 a5 18. Rd2 Be6 19. Nd3 Be7 20. Nd4 Bd7 21. Nf5 Bf8 22. c3 Rh7 23. g3 c5 24. c4 Nh8 25. Bf4 Nf7 26. Ne3 c6 27. Nd1 g5 28. Be3 g4 29. Nc3 gxf3 30. Na4 Kc7 31. Bf4+ Bd6 32. Rhd1 Rxe4 33. Bxd6+ Nxd6 34. Ndxc5 bxc5 35. Rxd6 Re2+ 36. Kg1 f2+ 37. Kf1 Bh3+ 38. Kxe2 f1=Q+ 39. Rxf1 Bxf1+ 40. Kxf1 Kxd6 41. Kf2 Re7 42. Nc3 Ke5 43. Ne2 Rd7 44. Ke3 Kf5 45. Nc3 Kg4 46. Kf2 f5 47. Ke3 0-1

[Event "2026 European Womens Championship"]
[Site "Batumi, GE"]
[Date "2026.06.03"]
[Round "9"]
[White "Peycheva, Gergana"]
[Black "Mammadzada, Gunay"]
[Result "1-0"]
[Board "38"]
[TimeControl "5400+30"]
[WhiteFideId "2916711"]
[BlackFideId "13403729"]
[WhiteElo "2186"]
[BlackElo "2374"]
[WhiteTitle "FM"]
[BlackTitle "IM"]
[WhiteClock "0:03:59"]
[BlackClock "0:10:16"]
[Variant "Standard"]

1. d4 Nf6 2. Nf3 e6 3. e3 c5 4. Bd3 b6 5. O-O Bb7 6. c4 g6 7. d5 Bg7 8. e4 d6 9. Nc3 O-O 10. Re1 exd5 11. exd5 a6 12. Bf4 Bc8 13. h3 h6 14. Qd2 Kh7 15. Bh2 Ra7 16. Rab1 Re8 17. Qf4 Rxe1+ 18. Rxe1 Ne8 19. h4 Re7 20. Rxe7 Qxe7 21. h5 Nd7 22. Qg4 Ne5 23. hxg6+ fxg6 24. Bxg6+ Nxg6 25. Qxc8 Bxc3 26. bxc3 Qe4 27. Qb7+ Kg8 28. Qxb6 Qxc4 29. Qd8 Qe4 30. Bxd6 Kf7 31. Ne5+ 1-0